 Dungeon Crawl Stone Soup version 0.31.0-11-ge490571c62 (webtiles) character file.

Game seed: 14940638992018028165

170 qw the Shooter (level 5, -16/26 HPs)
             Began as a Spriggan Hunter on Feb 3, 2024.
             Demolished by an ogre
             ... wielding a +0 giant spiked club
              (20 damage)
             ... on level 4 of the Dungeon.
             The game lasted 00:00:09 (1691 turns).

qw the Shooter (Spriggan Hunter)                    Turns: 1691, Time: 00:00:09

Health: -16/26     AC:  2    Str:  7    XL:     5   Next: 25%
Magic:  6/6        EV: 20    Int: 11    God:
Gold:   217        SH:  0    Dex: 20    Spells: 4/4 levels left

rFire   . . .        a - +1 shortbow
rCold   . . .        (shield currently unavailable)
rNeg    . . .        c - +0 robe
rPois   .            (helmet restricted)
rElec   .            (no cloak)
rCorr   .            (gloves unavailable)
SInv    +            (boots unavailable)
Will    .....        (no amulet)
Stlth   ++           (no ring)
HPRegen 0.24/turn    (no ring)
MPRegen 0.10/turn

%: no passive effects
@: very quick
A: very small, no large weapons, unfitting armour, see invisible, speed 3
a: no special abilities


You were on level 4 of the Dungeon.
You visited 1 branch of the dungeon, and saw 4 of its levels.

You collected 217 gold pieces.


Innate Abilities, Weirdness & Mutations

You are very small and have problems with some larger weapons.
You are too small for most types of armour.
You have supernaturally acute eyesight. (SInv)
You cover ground extremely quickly. (Speed+++)


   Skills:
 - Level 2.0 Fighting
 + Level 5.5 Ranged Weapons
 - Level 5.0 Dodging
 - Level 1.5 Stealth


You had 4 spell levels left.
You didn't know any spells.
Your spell library was empty.

Inventory:

Hand Weapons
 a - a +1 shortbow (weapon)
Armour
 c - a +0 robe (worn)
Scrolls
 f - a scroll of fear {unknown}
 h - 3 scrolls of identify
Potions
 b - a potion of cancellation
 d - 2 potions of curing
 e - a potion of mutation {unknown}
 g - a potion of lignification {unknown}
 i - a potion of invisibility {unknown}
 j - a potion of enlightenment {unknown}

Dungeon Overview and Level Annotations

Branches:
Dungeon (4/15)
 Temple: D:4-7

Altars:
Sif Muna


Message History

Found an escape hatch in the ceiling.
An orc comes into view. It is wielding a +0 mace.
Found 9 gold pieces.
The orc shouts!
You shoot an arrow. The arrow hits the orc.
The orc is lightly wounded.
You shoot an arrow. The arrow hits the orc!
You kill the orc!
You now have 211 gold pieces (gained 9).
h - 3 scrolls of identify A kobold comes into view.
It is wielding a +0 club.
You shoot an arrow.
The arrow hits the kobold but does no damage.
You shoot an arrow. The arrow barely misses the kobold.
You shoot an arrow. The arrow hits the kobold!
You kill the kobold!
You see here a +0 club.
Found a stone staircase leading up.
You now have 217 gold pieces (gained 6).
An ogre comes into view. It is wielding a +0 giant spiked club.
You shoot an arrow. The ogre shouts!
The arrow hits the ogre!
The ogre is moderately wounded.
You shoot an arrow. The arrow hits the ogre!
The ogre is heavily wounded.
You shoot an arrow. The arrow hits the ogre.
The ogre is heavily wounded.
You shoot an arrow. The arrow hits the ogre.
The ogre is heavily wounded.
You shoot an arrow. The arrow hits the ogre.
The ogre is severely wounded.
You shoot an arrow. The arrow hits the ogre!
The ogre is almost dead.
The ogre hits you with a +0 giant spiked club!!
Ouch! That really hurt!
You shoot an arrow. The arrow closely misses the ogre.
The ogre hits you with a +0 giant spiked club!!
Ouch! That really hurt!
You die...

##########
#######..<......
#............#
#.#####.####.#
#.# #.# #.# .# .
#.# #)# #.# .#
... #.# #.# #.#
.# ..#..##.# #.#
#.# .# ......O@#
#.# #.# .#
..#..####
#.####.##.## #.
#........... #
#.........#
#.#####.### #)#
#.# #.# #.# #.#
#.# #.# #.#


You could see an ogre.

Vanquished Creatures
  A bombardier beetle (D:3)
  An orc wizard (D:3)
  2 adders
  A dart slug (D:2)
  2 ribbon worms
  14 orcs
  8 bats
  7 endoplasms
  4 giant cockroaches
  7 goblins
  3 hobgoblins
  3 jackals (D:1)
  7 kobolds
  3 quokkas
  4 ball pythons
  2 frilled lizards (D:1)
  5 rats
74 creatures vanquished.

Notes
Turn   | Place    | Note
-------+----------+-------------------------------------------
     0 | D:1      | qw the Spriggan Hunter began the quest for the Orb.
     0 | D:1      | Reached XP level 1. HP: 10/10 MP: 2/2
     0 | D:1      | 0 ||| qw: Version: 0.3-a-157-g843a77d
     0 | D:1      | 0 ||| qw: Game counter: 3612
     0 | D:1      | 0 ||| qw: Melee chars always use a shield: true
     0 | D:1      | 0 ||| qw: God list: Okawaru
     0 | D:1      | 0 ||| qw: Allow faded altars: false
     0 | D:1      | 0 ||| qw: Do Orc after clearing Dungeon:15 true
     0 | D:1      | 0 ||| qw: Do second Lair branch before Depths: true
     0 | D:1      | 0 ||| qw: Lair rune preference: random
     0 | D:1      | 0 ||| qw: Goals: Normal
     0 | D:1      | 0 ||| PLANNING D:1-11
    63 | D:1      | Reached skill level 3 in Dodging
   107 | D:1      | Reached XP level 2. HP: 14/14 MP: 3/3
   117 | D:1      | You fall into a shaft and drop 1 floor!
   153 | D:2      | 153 ||| READING scroll labelled WIV JAHUAWNO.
   154 | D:2      | 154 ||| DROPPING scroll of butterflies.
   495 | D:1      | 495 ||| READING scroll labelled EMETRA SARO.
   495 | D:1      | 495 ||| IDENTIFYING ruby potion
   528 | D:2      | Found a shimmering blue altar of Sif Muna.
   555 | D:2      | Reached XP level 3. HP: 18/18 MP: 4/4
   858 | D:2      | 858 ||| READING scroll of identify.
   858 | D:2      | 858 ||| IDENTIFYING murky silvery potion
   898 | D:3      | Noticed a great orb of eyes
   908 | D:3      | Noticed an eye of devastation
   910 | D:3      | Found a faded altar of an unknown god.
   918 | D:3      | Noticed a great orb of eyes
   936 | D:3      | Reached XP level 4. HP: 22/22 MP: 5/5
   953 | D:3      | Noticed a great orb of eyes
  1202 | D:3      | Reached XP level 5. HP: 26/26 MP: 6/6
  1487 | D:3      | 1487 ||| READING scroll of identify.
  1487 | D:3      | 1487 ||| IDENTIFYING silvery potion
  1488 | D:3      | 1488 ||| READING 2 scrolls labelled DUJ EPEGECS.
  1489 | D:3      | 1489 ||| READING scroll labelled XUERPH QAXT.
  1489 | D:3      | 1489 ||| ENCHANTING +0 shortbow.
  1490 | D:3      | 1490 ||| DROPPING scroll of fog.
  1491 | D:3      | 1491 ||| DROPPING potion of ambrosia.
  1683 | D:4      | Noticed an ogre
  1690 | D:4      | HP: 4/26 [ogre/+0 giant spiked club (22)]
  1691 | D:4      | Demolished by an ogre

Levels and vault maps discovered:
D:1:      spicycebolla_arrival_xxxplode, layout_rooms, st_stairs_12
D:2:      layout_rooms, basic_altar
D:3:      minmay_evil_eye, layout_basic, hellmonk_ecumenical_altar_watching_god
D:4:      minmay_polygon_palace, layout_loops_ring, kennysheep_generic_room_7

Skill      XL: |  1  2  3  4 |
---------------+-------------+-----
Dodging        | 3 4 5 |  5.0
Ranged Weapons | 5 |  5.5
Fighting       | 2 |  2.0
Stealth        | |  1.5

Action                     |  1- 3 |  4- 6 || total
---------------------------+-------+-------++-------
   Fire: Shortbow          |   105 |    97 ||   202
    Use: Scroll            |     3 |     3 ||     6
 Armour: Robe              |     4 |    10 ||    14
  Dodge: Dodged            |    23 |    46 ||    69

Table legend:
 A = Non-vault XP
 B = Vault XP
 C = Vault XP percentage of total XP
 D = Non-vault monster count
 E = Vault monster count
 F = Vault count percentage of total count
                 A         B        C        D         E       F
            +---------+---------+-------+---------+---------+-------
      Total |     235 |       8 |   3.3 |      70 |       4 |   5.4
            +---------+---------+-------+---------+---------+-------
        D:1 |      24 |       2 |   7.7 |      15 |       1 |   6.2
        D:2 |      46 |       0 |   0.0 |      19 |       0 |   0.0
        D:3 |     158 |       6 |   3.7 |      32 |       3 |   8.6
        D:4 |       7 |       0 |   0.0 |       4 |       0 |   0.0
            +---------+---------+-------+---------+---------+-------
